 Dungeon Sprint DCSS version 0.29.1-13-g9f3cf754e1 (webtiles) character file.

Game seed: 3167187086016377836

204 sanboga the Cleaver (level 7, -7/73 HPs)
             Began as a Minotaur Berserker on Jan 26, 2023.
             Was a High Priest of Trog.
             Engulfed by a cloud of flame (19 damage)
             ... in the Dungeon (Sprint VI: "Thunderdome").
             The game lasted 00:03:48 (569 turns).

sanboga the Cleaver (Minotaur Berserker)             Turns: 569, Time: 00:03:48

Health: -7/73      AC:  8    Str: 24    XL:     7   Next: 42%
Magic:  6/6        EV: 15    Int: 10    God:    Trog [*****.]
Gold:   250        SH:  0    Dex: 12    Spells: 6/6 levels left

rFire   . . .      SeeInvis .   p - +0 trident
rCold   + + .      Faith    .   (no shield)
rNeg    . . .      Spirit   .   m - +2 robe {Archmagi}
rPois   .          Reflect  .   (helmet restricted)
rElec   .          Harm     .   (no cloak)
rCorr   .          Rampage  .   (no gloves)
Will    .....      Archmagi +   (no boots)
Stlth   +......... NoTele   +   (no amulet)
HPRegen 0.22/turn               b - ring "Duit" {Fly AC+4}
MPRegen 0.10/turn               n - ring "Wyromp" {Fly rC++ Int+6 Dex+3}

@: flying
A: horns 2, retaliatory headbutt
a: Renounce Religion, Berserk, Trog's Hand, Brothers in Arms


You were in the Dungeon.
You worshipped Trog.
Trog was extremely pleased with you.
You visited 1 branch You collected 340 gold pieces.
You spent 90 gold pieces at shops.

Inventory:

Hand Weapons
 a - a +0 hand axe
 o - a +0 dagger
 p - a +0 trident (weapon)
Armour
 m - a +2 robe of the Archmagi (worn)
Jewellery
 b - the ring "Duit" (left hand) {Fly AC+4}
   (You bought it in a shop in the Dungeon)

   [ring of protection]

   AC:        It affects your AC (+4).
   Fly:       It grants you flight.
 n - the ring "Wyromp" (right hand) {Fly rC++ Int+6 Dex+3}
   (You bought it in a shop in the Dungeon)

   [ring of intelligence]

   Int:       It affects your intelligence (+6).
   Dex:       It affects your dexterity (+3).
   rC:        It greatly protects you from cold.
   Fly:       It grants you flight.
Wands
 j - a wand of quicksilver (1)
 k - a wand of roots (2)
Scrolls
 h - 4 scrolls of blinking
 l - 2 scrolls of butterflies
Potions
 c - a potion of curing
 d - 4 potions of heal wounds
 e - 4 potions of haste
 f - 2 potions of magic
 g - a potion of berserk rage
 i - a potion of resistance


   Skills:
 + Level 10.4 Fighting
 * Level 11.7 Axes
 + Level 10.1 Armour
 - Level 7.8 Dodging


You had 6 spell levels left.
You didn't know any spells.
Your spell library was empty.

Dungeon Overview and Level Annotations

Branches:
Dungeon (1/1)

Altars:
Cheibriados
Dithmenos
Fedhas
Gozag
Kikubaaqudgha
Makhleb
Okawaru
Qazlal
Ru
Sif Muna
Trog
Uskayaw
Vehumet
Wu Jian
Xom
Yredelemnul
Zin
The Shining One
Lugonu

Shops:
D *[??*?*:[((!!!!


Innate Abilities, Weirdness & Mutations

You have a pair of horns on your head.
You reflexively headbutt those who attack you in melee.


Message History

Your butterfly dies!
Your butterfly disappears in a burst of colours!
Your butterfly is engulfed in blazing flames.
Your butterfly dies!
Your butterfly disappears in a burst of colours!
You start resting. 50...
Your butterfly is engulfed in blazing flames.
Your butterfly dies!
Your butterfly disappears in a burst of colours!
You start resting.
A kamikaze kobold comes into view. It is wielding a +0 short sword.
You see here a +0 trident.
p - a +0 trident
p - a +0 trident (weapon)
There is a staircase leading out of the dungeon here.
The kamikaze kobold shouts!
The kamikaze kobold throws a stone.
The stone hits you but does no damage.
A kamikaze kobold comes into view. It is wielding a +0 short sword.
Reach: p) +0 trident
Press: ? - help, Dir - move target, f - kamikaze kobold
Aim: a kamikaze kobold, wielding a +0 short sword (inner flame, about 41% to evade your +0 trident)
You reach to attack!
You puncture the kamikaze kobold! Trog accepts your kill.
The kamikaze kobold explodes!
Reach: p) +0 trident
Press: ? - help, Dir - move target, f - kamikaze kobold
Aim: a kamikaze kobold, wielding a +0 short sword and quivering stones (inner flame, about 41% to evade your +0 trident)
You puncture the kamikaze kobold! Trog accepts your kill.
Trog grants you a weapon! Something appears at your feet!
You see here a +2 antimagic battleaxe.
Victory!
Score multiplier: 4x You now have 204 arena points (gained 112).
The kamikaze kobold explodes!
The fiery explosion engulfs you!!!
* * * LOW HITPOINT WARNING * * *
You are engulfed in blazing flames.
You die...

#)..†).......⌠#
######.8.....)..)8.######
##.___......###........_∩##
#∩.......[8.# #.8........∩###
............###.............##
.........###...###..........⌠#
.........# #.<.# #..........⌠#
.......[.###...###§§........⌠#
............###§@§÷§........##
#∩......÷.8.# #)8........∩###
##∩.__......###.§....___∩##
######.8.........8.######
#⌠...........⌠#
###÷........### #_......._#
#_......._# #_......._#


There were no monsters in sight!

Vanquished Creatures
  Sigmund (D)
  A phantom (D)
  4 necrophages (D)
  A scorpion (D)
  6 orc priests (D)
  An iguana (D)
  A bat (D)
  5 kobolds (D)
20 creatures vanquished.

Vanquished Creatures (others)
  A kobold (D)
1 creature vanquished.

Grand Total: 21 creatures vanquished

Notes
Turn   | Place    | Note
-------+----------+-------------------------------------------
     0 | D        | sanboga the Minotaur Berserker began the quest for the Orb.
     0 | D        | Reached XP level 1. HP: 19/19 MP: 0/0
     2 | D        | Found a radiant altar of Vehumet.
     3 | D        | Found a burning altar of Makhleb.
     3 | D        | Found a basalt altar of Yredelemnul.
     4 | D        | Found a hide-covered altar of Uskayaw.
     4 | D        | Found a shimmering altar of Xom.
     4 | D        | Found Quik's Staff Store.
     4 | D        | Found Fecus's Magic Scroll Shop.
     5 | D        | Found a shimmering blue altar of Sif Muna.
     5 | D        | Found Resu's Must-Have Magic.
     5 | D        | Found Dachop's Magic Scroll Shop.
     5 | D        | Round 1.
     8 | D        | Noticed Sigmund
    15 | D        | Killed Sigmund
    16 | D        | Reached skill level 7 in Axes
    16 | D        | Reached XP level 2. HP: 24/34 MP: 1/1
    16 | D        | Reached XP level 3. HP: 28/39 MP: 2/2
    16 | D        | Reached XP level 4. HP: 34/47 MP: 3/3
    16 | D        | Reached XP level 5. HP: 38/52 MP: 4/4
   100 | D        | Found a glowing silver altar of Zin.
   120 | D        | Found a stormy altar of Qazlal.
   121 | D        | Found a blossoming altar of Fedhas.
   122 | D        | Found a corrupted altar of Lugonu.
   122 | D        | Found a bloodstained altar of Trog.
   122 | D        | Found Reopsaar's Identification Station.
   123 | D        | Found Utegg's Jewellery.
   123 | D        | Found Jelus's Advanced Armour.
   132 | D        | Reached ** piety under Trog
   135 | D        | Found an opulent altar of Gozag.
   147 | D        | Bought a scintillating bone ring for 45 gold pieces
   147 | D        | Identified the ring "Duit" {Fly AC+4} (You bought it in a
                  | shop in the Dungeon)
   148 | D        | Bought a slimy ivory ring for 45 gold pieces
   148 | D        | Identified the ring "Wyromp" {Fly rC++ Int+6 Dex+3} (You
                  | bought it in a shop in the Dungeon)
   165 | D        | Reached skill level 8 in Axes
   168 | D        | Found a glowing golden altar of the Shining One.
   169 | D        | Found a sacrificial altar of Ru.
   172 | D        | Found Beobexte's Premium Goods.
   174 | D        | Found Sekhleusk's Miscellaneous Merchandise.
   174 | D        | Found Jelithry's Basic Armour.
   175 | D        | Found a snail-covered altar of Cheibriados.
   175 | D        | Found an ancient bone altar of Kikubaaqudgha.
   175 | D        | Found an iron altar of Okawaru.
   175 | D        | Found Jynusiy's Weapon Rack.
   185 | D        | Arena points: 5 (+5) [x1]
   200 | D        | Round 2.
   201 | D        | Noticed a phantom
   212 | D        | Reached XP level 6. HP: 60/62 MP: 5/5
   217 | D        | Reached *** piety under Trog
   218 | D        | Reached skill level 9 in Axes
   232 | D        | Found an ornate altar of the Wu Jian Council.
   232 | D        | Found a shadowy altar of Dithmenos.
   232 | D        | Found Iremoamn's Do-It-Yourself Clinic.
   232 | D        | Found Vohuweaps's Bottled Wisdom.
   233 | D        | Found Xiogel's Distillery.
   239 | D        | Found Vuowynor's Distillery.
   261 | D        | Reached skill level 10 in Axes
   275 | D        | Arena points: 29 (+24) [x2]
   276 | D        | Reached XP level 7. HP: 63/71 MP: 6/6
   331 | D        | Round 3.
   356 | D        | Reached **** piety under Trog
   386 | D        | Reached skill level 10 in Fighting
   434 | D        | Reached skill level 11 in Axes
   496 | D        | Reached ***** piety under Trog
   496 | D        | Arena points: 92 (+63) [x3]
   497 | D        | Reached skill level 10 in Armour
   531 | D        | Round 4.
   569 | D        | Received a gift from Trog
   569 | D        | Arena points: 204 (+112) [x4]
   569 | D        | Engulfed by a cloud of flame

Illustrated notes

Levels and vault maps discovered:
D:        arena_sprint

Skill      XL: |  1  2  3  4  5  6  7 |
---------------+----------------------+-----
Fighting       | 7 8 9 10 | 10.4
Axes           | 7 8 10 11 | 11.7
Armour         | 6 8 9 10 | 10.1
Dodging        | 6 7 |  7.8

Action                   |  1- 3 |  4- 6 |  7- 9 || total
-------------------------+-------+-------+-------++-------
Melee: Hand axe          |     1 |    38 |    37 ||    76
       Headbutt          |       |    13 |     4 ||    17
       Trident           |       |       |     2 ||     2
Evoke: Wand              |     4 |       |     3 ||     7
  Use: Scroll            |       |       |     1 ||     1
Armor: Robe              |       |     7 |     4 ||    11
Dodge: Dodged            |       |    24 |    12 ||    36
